Description

2 Base to start - Cut SCV production @ 6min PUSH 3rd @ 7:00ish Use Raven to Anti-Armour and try and split enemy forces with Liberators No Factory units

Replay - 19-05-14 PvT 오토메이턴 - 래더 - [trap21]llllllllllll vs [REC]INnoVation

Build Order

Get SALT Encoding   

  12  0:00  SCV  
  13  0:12  SCV  
  14  0:17  Supply Depot  
  14  0:24  SCV  
  15  0:39  SCV  
  15  0:41  Barracks  
  16  0:44  Refinery  
  16  0:51  SCV  
  17  1:03  SCV  
  18  1:15  SCV  
  19  1:27  Orbital Command  
  19  1:28  Reaper  
  20  1:47  Command Center  
  20  1:53  SCV  
  21  1:58  Supply Depot  
  21  2:01  Barracks Reactor  
  21  2:05  SCV  
  22  2:08  Refinery  
  22  2:18  SCV  
  22  2:21  Factory  
  23  2:36  Marine x2  
  27  2:54  Marine x2  
  30  3:00  Orbital Command  
  30  3:07  Starport, Widow Mine  
  30  3:12  Marine x2  
  35  3:28  Widow Mine  
  35  3:30  Marine x2  
  41  3:36  Supply Depot  
  41  3:43  Medivac  
  41  3:46  Barracks  
  45  3:50  Factory Tech Lab  
  45  3:51  Marine  
  46  3:57  Marine  
  46  3:59  Supply Depot  
  49  4:12  Barracks  
  49  4:15  Factory Tech Lab  
  54  4:26  Engineering Bay, Raven  
  57  4:31  Supply Depot  
  60  4:41  Refinery  
  60  4:47  Stimpack  
  62  4:55  Terran Infantry Weapons Level 1  
  65  5:05  Missile Turret  
  67  5:13  Factory Reactor  
  64  5:16  Starport Reactor  
  64  5:20  Combat Shield  
  68  5:24  Missile Turret  
  69  5:33  Refinery  
  69  5:35  Marauder x2  
  78  5:52  Medivac x2  
  84  5:59  Action  CUT SCV
  86  6:05  Marauder  
  90  6:20  Marauder  
  90  6:22  Medivac x2  
  96  6:26  Marauder  
  100  6:40  Barracks x2  
  100  6:42  Command Center  
  100  6:43  Liberator x2  
  102  6:47  Marauder x2  
  102  6:49  Terran Infantry Armor Level 1  
  102  6:51  Concussive Shells  
  113  7:12  Action, Marauder  PUSH
  118  7:29  Liberator x2  
  118  7:30  Barracks Tech Lab, Barracks Reactor  
  136  8:15  Orbital Command  
Spawning Tool Build Advisor. Get it on Overwolf

Go to:

Details

  • Created by: thenatsalisbury
  • Published on: Jun 14, 2019
  • Modified on: Jun 14, 2019
  • Patch: 4.7.1
Show
View Real Time Build Order
Export as new Build Order

Comments (0)

There are no comments. Be the first!

Create an account to comment!